AoeStats
← IN.JOK

QS Arena

503583172Analyzed
4v4 RM · 1mo ago on Sep 1, 2026· 60m 5s· 8 players
Game mode
Random Map
Map size
Large (8 player)
Population
200
Speed
Normal
Resources
Standard
Victory
Conquest
Starting age
Dark Age
Ending age
Imperial Age
RankedLock teamsTeams togetherTeam positionsShared explorationLock speedFull tech treeHidden civsTurbo modeCheats
Victory
Defeat
🇭🇰 Britons · Hong Kong SAR China
1553
+13
🇨🇳 Vietnamese · China
1553
+13
🇨🇿 Mongols · Czechia
1525
+14
🇨🇳 Berbers · China
1367
+21
🇩🇪 Cumans · Germany
1527
-17
🇩🇰 Spanish · Denmark
1523
-17
🇫🇷 Magyars · France
1456
-14
🇨🇳 Chinese · China
1432
-13
Le Miel Jospin
8:12 Feudal Age
12:04 Castle Age
10:26 Double-Bit Axe
11:10 Horse Collar
13:48 Bow Saw
17:49 Heavy Plow
19:16 Wheelbarrow
20:03 Gold Mining
25:09 Imperial Age
22:51 Fletching
23:01 Padded Archer Armor
23:25 Stone Mining
23:35 Bodkin Arrow
24:24 Ballistics
24:35 Thumb Ring
24:33 Loom
25:09 Hand Cart
25:41 Leather Archer Armor
25:57 Bracer
25:59 Heavy Cavalry Archer
27:12 Parthian Tactics
27:11 Bloodlines
27:50 Ring Archer Armor
27:50 Recurve Bow
29:18 Chemistry
28:24 Husbandry
29:36 Conscription
31:42 Murder Holes
33:00 Hoardings
33:56 Corvinian Army
34:05 Corvinian Army
34:16 Scale Barding Armor
34:53 Elite Magyar Huszar
36:44 Light Cavalry
37:55 Masonry
38:24 Chain Barding Armor
39:56 Plate Barding Armor
42:43 Caravan
53:30 Siege Engineers
53:06 Treadmill Crane
Himekaido_LiSA
0:42 Loom
8:33 Feudal Age
10:09 Double-Bit Axe
12:26 Castle Age
10:25 Horse Collar
15:19 Fletching
17:23 Town Watch
20:19 Bodkin Arrow
21:26 Padded Archer Armor
22:43 Thumb Ring
24:33 Leather Archer Armor
27:09 Imperial Age
24:44 Gold Mining
25:39 Thumb Ring
26:47 Ballistics
27:23 Heavy Plow
28:17 Wheelbarrow
27:53 Bracer
28:55 Chemistry
31:12 Ring Archer Armor
31:29 Bow Saw
33:23 Conscription
33:12 Elite Chu Ko Nu
34:50 Hand Cart
40:26 Gold Shaft Mining
40:47 Masonry
40:51 Caravan
43:01 Stone Mining
42:59 Elite Skirmisher
44:31 Architecture
WalfTheWolf
8:11 Feudal Age
12:14 Castle Age
10:30 Double-Bit Axe
11:02 Horse Collar
18:23 Wheelbarrow
18:21 Bow Saw
18:24 Loom
18:46 Heavy Plow
18:47 Gold Mining
20:03 Hand Cart
20:23 Bloodlines
20:43 Husbandry
21:36 Scale Barding Armor
21:41 Forging
23:18 Chain Barding Armor
25:33 Iron Casting
30:37 Imperial Age
28:23 Masonry
28:24 Fortified Wall
28:09 Fletching
31:05 Cavalier
32:50 Blast Furnace
32:25 Plate Barding Armor
33:36 Chemistry
32:38 Paladin
33:59 Conscription
33:05 Capped Ram
34:02 Bodkin Arrow
34:42 Ballistics
34:40 Murder Holes
34:42 Stone Mining
38:48 Hoardings
38:46 Siege Ram
40:40 Bracer
41:16 Elite Conquistador
42:12 Caravan
44:29 Herbal Medicine
44:02 Light Cavalry
47:58 Hussar
52:18 Padded Archer Armor
52:24 Elite Skirmisher
53:16 Thumb Ring
54:19 Guard Tower
55:30 Leather Archer Armor
Ficki-T-E
7:31 Feudal Age
8:03 Double-Bit Axe
8:42 Horse Collar
12:15 Wheelbarrow
14:14 Loom
19:34 Castle Age
17:45 Gold Mining
19:37 Bloodlines
20:17 Scale Barding Armor
19:46 Capped Ram
28:25 Fletching
29:28 Bow Saw
29:55 Chain Barding Armor
33:53 Forging
35:21 Hand Cart
37:11 Heavy Plow
42:20 Imperial Age
41:01 Pikeman
41:43 Scale Mail Armor
41:52 Squires
42:54 Chain Mail Armor
42:24 Halberdier
43:42 Iron Casting
44:24 Plate Mail Armor
44:16 Arson
43:56 Siege Ram
46:09 Blast Furnace
Czech_Airwave
7:08 Feudal Age
10:10 Loom
12:44 Castle Age
11:07 Double-Bit Axe
11:26 Horse Collar
11:59 Stone Mining
15:39 Bow Saw
16:32 Fletching
17:25 Bodkin Arrow
19:36 Padded Archer Armor
22:01 Leather Archer Armor
22:15 Gold Mining
24:34 Bloodlines
24:25 Husbandry
26:48 Ballistics
27:14 Wheelbarrow
26:25 Town Watch
26:43 Heavy Plow
28:36 Thumb Ring
29:14 Hand Cart
36:10 Imperial Age
34:54 Scale Barding Armor
35:00 Forging
37:14 Conscription
36:58 Bracer
38:04 Chemistry
38:11 Capped Ram
39:30 Stone Shaft Mining
40:56 Elite Mangudai
41:48 Light Cavalry
43:22 Chain Barding Armor
43:43 Hussar
46:06 Iron Casting
你朋友
8:36 Feudal Age
12:23 Castle Age
10:43 Double-Bit Axe
10:39 Horse Collar
13:22 Bow Saw
13:37 Loom
15:07 Gold Mining
18:48 Loom
20:15 Wheelbarrow
19:43 Fletching
20:17 Ballistics
20:39 Loom
21:06 Bodkin Arrow
21:43 Padded Archer Armor
23:34 Town Watch
24:15 Stone Mining
24:48 Hand Cart
27:29 Imperial Age
25:00 Pikeman
25:42 Scale Mail Armor
26:08 Heavy Plow
28:29 Chain Mail Armor
28:25 Forging
28:22 Squires
30:22 Bracer
31:24 Chemistry
31:34 Leather Archer Armor
32:21 Yeomen
33:32 Plate Mail Armor
33:37 Iron Casting
33:39 Conscription
33:55 Hoardings
35:07 Elite Longbowman
40:46 Town Patrol
41:31 Halberdier
43:35 Ring Archer Armor
44:05 Blast Furnace
43:25 Guilds
44:06 Gold Shaft Mining
43:42 Gambesons
43:17 Man-at-Arms
44:25 Warwolf
47:56 Siege Engineers
47:32 Treadmill Crane
48:02 Masonry
49:29 Long Swordsman
49:54 Arson
52:43 Caravan
53:13 Coinage
53:48 Two-Handed Swordsman
58:59 Banking
59:33 Champion
网恋被骗50块
3:28 Loom
8:24 Feudal Age
13:28 Castle Age
11:43 Double-Bit Axe
12:09 Horse Collar
14:51 Bow Saw
22:23 Wheelbarrow
22:11 Stone Mining
22:14 Gold Mining
24:02 Hand Cart
27:58 Imperial Age
26:38 Forging
27:24 Gold Shaft Mining
27:26 Stone Shaft Mining
26:42 Town Watch
27:20 Bloodlines
27:19 Scale Barding Armor
28:20 Iron Casting
27:29 Treadmill Crane
28:07 Husbandry
28:34 Chain Barding Armor
28:41 Kasbah
29:04 Conscription
28:15 Heavy Camel Rider
28:16 Cavalier
28:17 Light Cavalry
30:03 Blast Furnace
30:45 Plate Barding Armor
30:33 Hussar
33:22 Heavy Plow
38:16 Elite Camel Archer
39:00 Maghrebi Camels
40:02 Crop Rotation
44:08 Hoardings
43:46 Fletching
43:56 Padded Archer Armor
44:18 Ballistics
44:59 Chemistry
43:55 Murder Holes
44:40 Thumb Ring
43:58 Elite Genitour
45:12 Bodkin Arrow
45:32 Leather Archer Armor
45:31 Masonry
45:27 Siege Engineers
51:18 Bracer
51:48 Ring Archer Armor
IN.JOK
8:21 Feudal Age
12:28 Castle Age
10:52 Double-Bit Axe
11:03 Horse Collar
11:12 Loom
13:15 Fletching
14:43 Bodkin Arrow
18:02 Padded Archer Armor
20:54 Town Watch
28:45 Ballistics
30:28 Bow Saw
30:18 Heavy Plow
32:13 Wheelbarrow
36:37 Fortified Wall
37:42 Hand Cart
41:07 Imperial Age
38:55 Squires
38:56 Scale Mail Armor
39:41 Forging
39:43 Heavy Plow
39:34 Gold Mining
39:35 Stone Mining
39:44 Arson
40:08 Murder Holes
39:55 Treadmill Crane
40:53 Stone Shaft Mining
40:34 Chain Mail Armor
41:56 Iron Casting
41:43 Elite Fire Lancer
42:17 Pikeman
43:59 Chemistry
44:17 Two-Man Saw
43:46 Paper Money
43:03 Halberdier
44:37 Plate Mail Armor
44:42 Siege Engineers
45:27 Bracer
45:42 Leather Archer Armor
45:12 Elite Skirmisher
47:27 Two-Man Saw
46:04 Imperial Skirmisher
47:20 Ring Archer Armor
47:12 Caravan
47:42 Coinage
49:47 Bombard Tower
49:59 Banking
49:39 Guilds
49:49 Scale Barding Armor
49:41 Murder Holes
49:32 Arrowslits
53:48 Hoardings
54:54 Crop Rotation
Connection lost

Rejoining the realm…

Still unreachable

The connection could not be restored.

Session expired

The server has moved on; the page needs a fresh start.